SAA
BELVEDERE PARK RAWHIDES @ SAN ANTONIO BC
06/26/2026
 
TOP OF THE 1ST
Belvedere Park Rawhides batting - Pitching for San Antonio BC : RHP Derek Holbrook
Pitching: RHP Derek Holbrook
Batting: RHB Marlon Cummins 0-0: SINGLE (Groundball, 56D)
Batting: RHB José Pérez 0-0: Swinging Strike
0-1: Called Strike
0-2: Foul Ball, location: 2F
0-2: Ball
Wild Pitch!
Marlon Cummins to second
1-2: Foul Ball, location: 2F
1-2: Ball
2-2: Ball
3-2: Ground out 6-3 (Groundball, 6)
Batting: SHB Galtero Suárez 0-0: Called Strike
0-1: DOUBLE (Flyball, 89XD)
Marlon Cummins scores
Batting: LHB António Serrano 0-0: Ball
1-0: Ball
2-0: SINGLE (Line Drive, 34D)
Galtero Suárez to third
Runner from 3rd tries for Home, SAFE, throw made home
Batting: RHB Anastasio Hernández 0-0: Called Strike
0-1: Foul Ball, location: 2F
0-2: Ball
1-2: Fly out, F8 (Flyball, 8RXD)
Batting: RHB D.C. Aiken 0-0: Ball
1-0: Ball
2-0: Ball
3-0: Base on Balls
António Serrano to second
Batting: RHB Anthony Crow 0-0: Ball
1-0: Foul Ball, location: 2F
1-1: Foul Ball, location: 2F
1-2: Ball
2-2: Ground out 5-3 (Groundball, 2L)
Top of the 1st over - 2 run(s), 3 hit(s), 0 error(s), 2 left on base; Belvedere Park 2 - San Antonio 0
BOTTOM OF THE 1ST
San Antonio BC batting - Pitching for Belvedere Park Rawhides : LHP Nick Mason
Pitching: LHP Nick Mason
Batting: LHB Earl Wiley 0-0: Foul Ball, location: 2F
0-1: Ball
1-1: Ball
2-1: Foul Ball, location: 2F
2-2: Ball
3-2: Foul Ball, location: 2F
3-2: Fly out, F7 (Flyball, 7)
Batting: RHB Alfonso Bocanegra 0-0: Called Strike
0-1: Ball
1-1: Ball
2-1: Foul Ball, location: 2F
2-2: Foul Ball, location: 2F
2-2: SINGLE (Groundball, 6MD)
Batting: RHB Yoshihito Samurakami 0-0: Ball
1-0: Called Strike
Alfonso Bocanegra steals 2nd base
1-1: Swinging Strike
1-2: Ball
2-2: Fly out, F4 (Line Drive, 4M)
Batting: RHB Phil Dougherty 0-0: Ball
1-0: Ball
2-0: Foul Ball, location: 2F
2-1: Ball
3-1: Base on Balls
Batting: SHB Anastasio Delgadilo 0-0: Foul Ball, location: 2F
0-1: Ball
Wild Pitch!
Alfonso Bocanegra to third
Phil Dougherty to second
1-1: Swinging Strike
1-2: Foul Ball, location: 2F
1-2: Ball
2-2: Ball
3-2: Base on Balls
Batting: RHB Ismael Sandoval 0-0: Fielders Choice at 2nd, 6-4 (Groundball, 6)
Bottom of the 1st over - 0 run(s), 1 hit(s), 0 error(s), 2 left on base; Belvedere Park 2 - San Antonio 0
TOP OF THE 2ND
Belvedere Park Rawhides batting - Pitching for San Antonio BC : RHP Derek Holbrook
Batting: RHB Charles Rowell 0-0: Ball
1-0: Fly out, F9 (Flyball, 9S)
Batting: RHB Fernando Rutledge 0-0: Fly out, F9 (Flyball, 9LSF)
Batting: RHB Marlon Cummins 0-0: Ball
1-0: Foul Ball, location: 2F
1-1: Ball
2-1: Foul Ball, location: 2F
2-2: Fly out, F5 (Popup, 5L)
Top of the 2nd over - 0 run(s), 0 hit(s), 0 error(s), 0 left on base; Belvedere Park 2 - San Antonio 0
BOTTOM OF THE 2ND
San Antonio BC batting - Pitching for Belvedere Park Rawhides : LHP Nick Mason
Batting: RHB José Perea 0-0: Swinging Strike
0-1: Ball
1-1: Fly out, F6 (Popup, 6S)
Batting: RHB George Zeek 0-0: Ball
1-0: SOLO HOME RUN (Line Drive, 78XD), Distance : 437 ft
Batting: RHB Manny Álvarez 0-0: Fly out, F9 (Flyball, 9LSF)
Batting: LHB Earl Wiley 0-0: Bunt for hit - play at first, batter OUT! 1-3
Bottom of the 2nd over - 1 run(s), 1 hit(s), 0 error(s), 0 left on base; Belvedere Park 2 - San Antonio 1
TOP OF THE 3RD
Belvedere Park Rawhides batting - Pitching for San Antonio BC : RHP Derek Holbrook
Batting: RHB José Pérez 0-0: Ball
1-0: Ball
2-0: Swinging Strike
2-1: Swinging Strike
2-2: Ball
3-2: Strikes out swinging
Batting: SHB Galtero Suárez 0-0: Fly out, F9 (Flyball, 9S)
Batting: LHB António Serrano 0-0: Ball
1-0: SINGLE (Flyball, 8LS)
Batting: RHB Anastasio Hernández 0-0: Ball
1-0: Called Strike
1-1: Swinging Strike
1-2: Ball
2-2: Foul Ball, location: 2F
2-2: Ball
3-2: Base on Balls
António Serrano to second
Batting: RHB D.C. Aiken 0-0: Called Strike
0-1: Ball
1-1: Foul Ball, location: 2F
1-2: Strikes out swinging
Top of the 3rd over - 0 run(s), 1 hit(s), 0 error(s), 2 left on base; Belvedere Park 2 - San Antonio 1
BOTTOM OF THE 3RD
San Antonio BC batting - Pitching for Belvedere Park Rawhides : LHP Nick Mason
Batting: RHB Alfonso Bocanegra 0-0: Foul Ball, location: 2F
0-1: Bunt missed!
0-2: SINGLE (Groundball, 6MD)
Batting: RHB Yoshihito Samurakami 0-0: Ball
1-0: Foul Ball, location: 2F
1-1: DOUBLE (Line Drive, 9LM)
Alfonso Bocanegra to third
Batting: RHB Phil Dougherty 0-0: Ball
1-0: Called Strike
1-1: Ground out 5-3 (Groundball, 56)
Alfonso Bocanegra scores
Batting: SHB Anastasio Delgadilo 0-0: Called Strike
0-1: Ball
1-1: Ball
2-1: Ball
3-1: Foul Ball, location: 2F
3-2: Foul Ball, location: 2F
3-2: Foul Ball, location: 2F
3-2: Base on Balls
Batting: RHB Ismael Sandoval 0-0: Called Strike
0-1: Ball
1-1: Foul Ball, location: 2F
1-2: Foul Ball, location: 2F
1-2: Foul Ball, location: 2F
1-2: Ball
2-2: Fly out, F9 (Flyball, 9LS)
Batting: RHB José Perea 0-0: Called Strike
0-1: Called Strike
0-2: Ball
1-2: Fielders Choice at 2nd, 5-4 (Groundball, 56)
Bottom of the 3rd over - 1 run(s), 2 hit(s), 0 error(s), 1 left on base; Belvedere Park 2 - San Antonio 2
TOP OF THE 4TH
Belvedere Park Rawhides batting - Pitching for San Antonio BC : RHP Derek Holbrook
Batting: RHB Anthony Crow 0-0: Ball
1-0: Foul Ball, location: 2F
1-1: Called Strike
1-2: Strikes out swinging
Batting: RHB Charles Rowell 0-0: Called Strike
0-1: Ball
1-1: Foul Ball, location: 2F
1-2: Foul Ball, location: 2F
1-2: Ball
2-2: Fly out, F8 (Flyball, 78M)
Batting: RHB Fernando Rutledge 0-0: Ball
1-0: DOUBLE (Line Drive, 78M)
Batting: RHB Marlon Cummins 0-0: Ball
1-0: Foul Ball, location: 2F
1-1: Ball
2-1: Called Strike
2-2: Ball
3-2: Foul Ball, location: 2F
3-2: Foul Ball, location: 2F
3-2: Foul Ball, location: 2F
3-2: 2-RUN HOME RUN (Line Drive, 7D), Distance : 409 ft
Batting: RHB José Pérez 0-0: Called Strike
0-1: Called Strike
0-2: Ball
1-2: Ball
2-2: Ground out 4-3 (Groundball, 4)
Top of the 4th over - 2 run(s), 2 hit(s), 0 error(s), 0 left on base; Belvedere Park 4 - San Antonio 2
BOTTOM OF THE 4TH
San Antonio BC batting - Pitching for Belvedere Park Rawhides : LHP Nick Mason
Batting: RHB George Zeek 0-0: Fly out, F8 (Flyball, 8LM)
Batting: RHB Manny Álvarez 0-0: Ball
1-0: Fly out, F9 (Flyball, 9LS)
Batting: LHB Earl Wiley 0-0: Fly out, F7 (Flyball, 7LMF)
Bottom of the 4th over - 0 run(s), 0 hit(s), 0 error(s), 0 left on base; Belvedere Park 4 - San Antonio 2
TOP OF THE 5TH
Belvedere Park Rawhides batting - Pitching for San Antonio BC : RHP Derek Holbrook
Batting: SHB Galtero Suárez 0-0: Called Strike
0-1: Swinging Strike
0-2: Strikes out swinging
Batting: LHB António Serrano 0-0: Called Strike
0-1: Ball
1-1: Ball
2-1: Ball
3-1: Ground out 3-1 (Groundball, 34S)
Batting: RHB Anastasio Hernández 0-0: Ball
1-0: Fly out, F9 (Flyball, 9)
Top of the 5th over - 0 run(s), 0 hit(s), 0 error(s), 0 left on base; Belvedere Park 4 - San Antonio 2
BOTTOM OF THE 5TH
San Antonio BC batting - Pitching for Belvedere Park Rawhides : LHP Nick Mason
Batting: RHB Alfonso Bocanegra 0-0: Ball
1-0: Ball
2-0: Ground out 4-3 (Groundball, 4)
Batting: RHB Yoshihito Samurakami 0-0: Called Strike
0-1: Fly out, F6 (Popup, 56D)
Batting: RHB Phil Dougherty 0-0: Ball
1-0: Called Strike
1-1: Swinging Strike
1-2: Strikes out swinging
Bottom of the 5th over - 0 run(s), 0 hit(s), 0 error(s), 0 left on base; Belvedere Park 4 - San Antonio 2
TOP OF THE 6TH
Belvedere Park Rawhides batting - Pitching for San Antonio BC : RHP Derek Holbrook
Batting: RHB D.C. Aiken 0-0: Fly out, F4 (Line Drive, 4)
Batting: RHB Anthony Crow 0-0: Ball
1-0: Ball
2-0: Ball
3-0: Called Strike
3-1: Base on Balls
Batting: RHB Charles Rowell 0-0: Ball
1-0: Called Strike
1-1: Ground out 5-3 (Groundball, 56S)
Anthony Crow to second
Batting: RHB Fernando Rutledge 0-0: Swinging Strike
0-1: SINGLE (Groundball, 34D)
Anthony Crow to third
Runner from 3rd tries for Home, SAFE, no throw
Batting: RHB Marlon Cummins 0-0: Ball
1-0: Ball
2-0: Called Strike
2-1: Fielders Choice at 2nd, 6-4 (Groundball, 6)
Top of the 6th over - 1 run(s), 1 hit(s), 0 error(s), 0 left on base; Belvedere Park 5 - San Antonio 2
BOTTOM OF THE 6TH
San Antonio BC batting - Pitching for Belvedere Park Rawhides : LHP Nick Mason
Batting: SHB Anastasio Delgadilo 0-0: Foul Ball, location: 2F
0-1: Called Strike
0-2: Strikes out looking and he ARGUES THE CALL AND IS TOSSED!
Batting: RHB Ismael Sandoval 0-0: Ball
1-0: SINGLE (Flyball, 9LM)
Batting: RHB José Perea 0-0: Called Strike
0-1: Ball
1-1: Ball
2-1: Ball
3-1: 2-RUN HOME RUN (Flyball, 78XD), Distance : 427 ft
Batting: RHB George Zeek 0-0: Ball
1-0: Foul Ball, location: 2F
1-1: Ball
2-1: Called Strike
2-2: SINGLE (Line Drive, 78M)
Batting: RHB Manny Álvarez 0-0: Called Strike
0-1: Ball
1-1: Called Strike
1-2: Ball
2-2: Ball
George Zeek steals 2nd base
3-2: Base on Balls
Pitching: RHP Gerardo Tolemto
Batting: LHB Earl Wiley 0-0: Called Strike
0-1: Ball
1-1: Fly out, F6 (Line Drive, 6MD)
Batting: RHB Alfonso Bocanegra 0-0: Fly out, F8 (Flyball, 8RM)
Bottom of the 6th over - 2 run(s), 3 hit(s), 0 error(s), 2 left on base; Belvedere Park 5 - San Antonio 4
TOP OF THE 7TH
Belvedere Park Rawhides batting - Pitching for San Antonio BC : RHP Derek Holbrook
Now at 2B: Jorge Miranda
Batting: RHB José Pérez 0-0: Foul Ball, location: 2F
0-1: Foul Ball, location: 2F
0-2: Foul Ball, location: 2F
0-2: SINGLE (Line Drive, 9S)
Batting: SHB Galtero Suárez 0-0: Ball
1-0: Called Strike
1-1: Fly out, F7 (Flyball, 7S)
Batting: LHB António Serrano 0-0: Called Strike
0-1: Fly out, F9 (Flyball, 9)
Pinch Runner at 1st Manuel González:
Batting: RHB Anastasio Hernández 0-0: Ball
Manuel González steals 2nd base
1-0: SINGLE (Line Drive, 4M)
Manuel González to third
Runner from 3rd tries for Home, SAFE, no throw
Pitching: RHP Adam Green
Batting: RHB D.C. Aiken 0-0: Ball
1-0: SINGLE (Groundball, 6D)
Anastasio Hernández to second
Pinch Hitting: LHB Gustavo Vázquez 0-0: Fielders Choice at 2nd, 4-6 (Groundball, 4)
Top of the 7th over - 1 run(s), 3 hit(s), 0 error(s), 1 left on base; Belvedere Park 6 - San Antonio 4
BOTTOM OF THE 7TH
San Antonio BC batting - Pitching for Belvedere Park Rawhides : RHP Gerardo Tolemto
Now at 1B: Marshall Lamar
Now at 3B: Gustavo Vázquez
Batting: RHB Yoshihito Samurakami 0-0: SINGLE (Line Drive, 3)
Batting: RHB Phil Dougherty 0-0: Foul Ball, location: 2F
0-1: Ball
1-1: Ball
Wild Pitch!
Yoshihito Samurakami to second
2-1: Ball
3-1: Base on Balls
Pinch Hitting: RHB Jim Unknown 0-0: Grounds into double play, 6-4-3 (Groundball, 6D)
Yoshihito Samurakami to third
Batting: RHB Ismael Sandoval 0-0: Called Strike
0-1: Called Strike
0-2: Foul Ball, location: 2F
0-2: Ball
1-2: TRIPLE (Groundball, 3L)
Yoshihito Samurakami scores
Batting: RHB José Perea 0-0: Called Strike
0-1: Fly out, F9 (Flyball, 89M)
Bottom of the 7th over - 1 run(s), 2 hit(s), 0 error(s), 1 left on base; Belvedere Park 6 - San Antonio 5
TOP OF THE 8TH
Belvedere Park Rawhides batting - Pitching for San Antonio BC : RHP Adam Green
Now at 2B: Martín Álvarez
Batting: RHB Charles Rowell 0-0: Ball
1-0: Fly out, F5 (Popup, 5D)
Batting: RHB Fernando Rutledge 0-0: Ball
1-0: Ball
2-0: Called Strike
2-1: Called Strike
2-2: Ball
3-2: Strikes out swinging
Batting: RHB Marlon Cummins 0-0: Called Strike
0-1: Ball
1-1: Ball
2-1: Ball
3-1: Base on Balls
Pinch Hitting: RHB Enrique Pimentel 0-0: Called Strike
0-1: Ball
1-1: Foul Ball, location: 2F
1-2: Fly out, F9 (Flyball, 89D)
Top of the 8th over - 0 run(s), 0 hit(s), 0 error(s), 1 left on base; Belvedere Park 6 - San Antonio 5
BOTTOM OF THE 8TH
San Antonio BC batting - Pitching for Belvedere Park Rawhides : RHP Gerardo Tolemto
Pitching: LHP Drew Cullen
Now at 1B: Enrique Pimentel
Batting: RHB George Zeek 0-0: Called Strike
0-1: Ball
1-1: Fly out, F6 (Line Drive, 6)
Batting: RHB Manny Álvarez 0-0: Called Strike
0-1: Ball
1-1: Called Strike
1-2: Ball
2-2: Foul Ball, location: 2F
2-2: Foul Ball, location: 2F
2-2: Ball
3-2: Foul Ball, location: 2F
3-2: Foul Ball, location: 2F
3-2: Foul Ball, location: 2F
3-2: Base on Balls
Pinch Hitting: RHB León Cabrera 0-0: Bunted foul
0-1: Ball
1-1: Ball
2-1: Sac Bunt - play at first, batter OUT! 1-4
Manny Álvarez to second
Batting: RHB Alfonso Bocanegra 0-0: Called Strike
0-1: Ball
1-1: Called Strike
1-2: Ball
2-2: Ground out 3-1 (Groundball, 34)
Bottom of the 8th over - 0 run(s), 0 hit(s), 0 error(s), 1 left on base; Belvedere Park 6 - San Antonio 5
TOP OF THE 9TH
Belvedere Park Rawhides batting - Pitching for San Antonio BC : RHP Adam Green
Pitching: RHP Ángel Pérez
Now in CF: Miguel García
Batting: SHB Galtero Suárez 0-0: Foul Ball, location: 2F
0-1: Foul Ball, location: 2F
0-2: Ball
1-2: Fly out, F7 (Flyball, 78M)
Batting: LHB António Serrano 0-0: Fly out, F8 (Flyball, 78S)
Batting: RHB Anastasio Hernández 0-0: Ball
1-0: Ball
2-0: Ground out U3 (Groundball, 34)
Top of the 9th over - 0 run(s), 0 hit(s), 0 error(s), 0 left on base; Belvedere Park 6 - San Antonio 5
BOTTOM OF THE 9TH
San Antonio BC batting - Pitching for Belvedere Park Rawhides : LHP Drew Cullen
Pitching: RHP Dino Moonglampers
Now at C: Jesús Calderón
Batting: RHB Yoshihito Samurakami 0-0: Called Strike
0-1: Ball
1-1: SOLO HOME RUN (Flyball, 7LD), Distance : 367 ft
Pinch Hitting: LHB Dawit Lihalakha 0-0: Ground out 4-3 (Groundball, 4)
Pinch Hitting: RHB Carlos Vega 0-0: Called Strike
0-1: Swinging Strike
0-2: Ball
1-2: Strikes out swinging
Batting: RHB Ismael Sandoval 0-0: SINGLE (Groundball, 56D)
Batting: RHB José Perea 0-0: Called Strike
0-1: Ball
1-1: Fly out, F8 (Line Drive, 8LD)
Bottom of the 9th over - 1 run(s), 2 hit(s), 0 error(s), 1 left on base; Belvedere Park 6 - San Antonio 6
TOP OF THE 10TH
Belvedere Park Rawhides batting - Pitching for San Antonio BC : RHP Ángel Pérez
Now at 1B: Dawit Lihalakha
Now at 2B: Franklin Gestel
Batting: RHB D.C. Aiken 0-0: Ball
1-0: Ball
2-0: Ball
3-0: Base on Balls
Batting: LHB Gustavo Vázquez 0-0: Ball
1-0: Ball
2-0: Sac Bunt - play at first, batter OUT! 3-4
D.C. Aiken to second
Pinch Hitting: RHB Victorino Navarro 0-0: Intentional Walk
Pinch Runner at 2nd Warren Willis:
Pinch Hitting: LHB Jim Unknown 0-0: Ball
1-0: Ground out 5-3 (Groundball, 56S)
Warren Willis to third
Victorino Navarro to second
Batting: RHB Marlon Cummins 0-0: Ball
1-0: Swinging Strike
1-1: Foul Ball, location: 2F
1-2: Strikes out swinging
Top of the 10th over - 0 run(s), 0 hit(s), 0 error(s), 2 left on base; Belvedere Park 6 - San Antonio 6
BOTTOM OF THE 10TH
San Antonio BC batting - Pitching for Belvedere Park Rawhides : RHP Dino Moonglampers
Now at 1B: Jim Unknown
Now at 2B: Victorino Navarro
Batting: RHB George Zeek 0-0: Called Strike
0-1: Ground out 5-3 (Groundball, 56)
Pinch Hitting: RHB Felipe Jiménez 0-0: Ball
1-0: Foul Ball, location: 2F
1-1: Called Strike
1-2: Strikes out swinging
Batting: LHB Miguel García 0-0: SINGLE (Flyball, 89S)
Batting: RHB Alfonso Bocanegra 0-0: Ball
1-0: Ball
2-0: Ball
3-0: Called Strike
3-1: Foul Ball, location: 2F
3-2: Base on Balls
Miguel García to second
Batting: RHB Yoshihito Samurakami 0-0: Swinging Strike
0-1: Ground out 1-3 (Groundball, P)
Bottom of the 10th over - 0 run(s), 1 hit(s), 0 error(s), 2 left on base; Belvedere Park 6 - San Antonio 6
TOP OF THE 11TH
Belvedere Park Rawhides batting - Pitching for San Antonio BC : RHP Ángel Pérez
Pitching: RHP Chin Cho
Now in RF: Guy Mussi
Batting: RHB Enrique Pimentel 0-0: Called Strike
0-1: Foul Ball, location: 2F
0-2: Ball
1-2: Foul Ball, location: 2F
1-2: Foul Ball, location: 2F
1-2: Fly out, F6 (Line Drive, 6)
Batting: RHB Jesús Calderón 0-0: Ball
1-0: Foul Ball, location: 2F
1-1: Called Strike
1-2: Ball
2-2: Foul Ball, location: 2F
2-2: Ball
3-2: Foul Ball, location: 2F
3-2: Foul Ball, location: 2F
3-2: Base on Balls
Batting: LHB António Serrano 0-0: Ball
1-0: 2-RUN HOME RUN (Line Drive, 9LD), Distance : 341 ft
Batting: RHB Anastasio Hernández 0-0: Called Strike
0-1: Ball
1-1: DOUBLE (Line Drive, 9LM)
Batting: RHB Warren Willis 0-0: Ball
1-0: Foul Ball, location: 2F
1-1: Swinging Strike
1-2: Ball
2-2: Strikes out swinging
Batting: LHB Gustavo Vázquez 0-0: Foul Ball, location: 2F
0-1: Ball
1-1: Ball
2-1: Ground out 4-3 (Groundball, 4)
Top of the 11th over - 2 run(s), 2 hit(s), 0 error(s), 1 left on base; Belvedere Park 8 - San Antonio 6
BOTTOM OF THE 11TH
San Antonio BC batting - Pitching for Belvedere Park Rawhides : RHP Dino Moonglampers
Pitching: LHP Claudio Avelardo
Batting: LHB Dawit Lihalakha 0-0: Called Strike
0-1: Called Strike
0-2: SINGLE (Line Drive, 9S)
Batting: RHB Franklin Gestel 0-0: Ball
1-0: SINGLE (Groundball, 6MD)
Dawit Lihalakha to second
Batting: RHB Ismael Sandoval 0-0: Ball
1-0: Bunted foul
1-1: Sac Bunt - play at first, batter OUT! 3-4
Dawit Lihalakha to third
Franklin Gestel to second
Batting: RHB José Perea 0-0: Foul Ball, location: 2F
0-1: Called Strike
0-2: Strikes out swinging
Batting: RHB George Zeek 0-0: Ball
1-0: Called Strike
1-1: Swinging Strike
1-2: Ball
2-2: Ball
3-2: Foul Ball, location: 2F
3-2: Base on Balls
Batting: RHB Guy Mussi 0-0: Swinging Strike
0-1: Called Strike
0-2: Ball
1-2: Ground out 5-3 (Groundball, 56S)
Bottom of the 11th over - 0 run(s), 2 hit(s), 0 error(s), 3 left on base; Belvedere Park 8 - San Antonio 6
Monday, March 20th, 2017 - OOTP Baseball 17.12 Build 75